Map: Blackburn LE

Players

Semper

  • Race: Terran Terran

Epic - Winner!

  • Race: Terran Terran

Event: DreamHack SC2 Masters 2021 Fall

VOD

Have the link to the VOD?

Description

Time

  • Played on: Aug. 3, 2021, 3:29 p.m.
  • Length: 13:36

All games in this series

Show
View Real Time Build Order
Export as new Build Order

Semper Terran 

Build Orders:  

Get SALT Encoding   

  12  0:00  SCV  
  13  0:12  SCV  
  14  0:17  Supply Depot  
  14  0:24  SCV  
  15  0:38  SCV  
  15  0:40  Barracks  
  16  0:44  Refinery  
  16  0:51  SCV  
  16  0:53  Refinery  
  17  1:03  SCV  
  18  1:15  SCV  
  19  1:27  Reaper, Orbital Command  
  20  1:37  Supply Depot  
  20  1:42  Factory  
  20  1:53  SCV  
  21  1:59  Reaper  
  22  2:05  SCV  
  23  2:17  SCV  
  23  2:22  Command Center  
  24  2:26  Hellion  
  24  2:29  SCV  
  27  2:34  Supply Depot  
  27  2:38  Barracks Reactor  
  27  2:41  SCV  
  28  2:47  Widow Mine  
  28  2:50  Starport  
  30  2:54  SCV  
  31  3:06  SCV  
  32  3:15  Marine x2, Factory Tech Lab  
  32  3:17  Refinery  
  32  3:18  SCV  
  35  3:26  Starport Tech Lab  
  35  3:30  SCV  
  35  3:34  Orbital Command  
  36  3:36  Marine, Cyclone  
  36  3:38  Marine  
  41  3:43  SCV  
  42  3:53  Raven  
  42  3:55  SCV  
  45  3:57  Marine x2, Supply Depot  
  45  3:59  SCV  
  48  4:07  SCV  
  52  4:10  Siege Tank  
  52  4:12  SCV  
  52  4:15  Marine  
  54  4:18  Marine  
  48  4:32  SCV  
  48  4:33  SCV  
  48  4:35  Marine  
  48  4:36  Marine  
  52  4:41  Raven  
  52  4:44  SCV  
  55  4:46  Command Center  
  55  4:51  SCV  
  56  4:54  Supply Depot  
  56  4:56  Supply Depot  
  56  4:57  SCV  
  56  4:59  Siege Tank  
  58  5:11  SCV  
  58  5:12  SCV  
  58  5:13  Starport  
  60  5:18  Bunker  
  60  5:24  Refinery, SCV  
  62  5:28  SCV  
  62  5:36  SCV  
  62  5:37  Viking x2  
  62  5:41  Siege Tank  
  70  5:46  SCV  
  71  5:53  Viking  
  71  5:56  Marine, Stimpack  
  74  5:57  Supply Depot  
  74  5:58  Supply Depot  
  74  6:02  SCV  
  75  6:08  Viking  
  75  6:09  Viking  
  78  6:19  Orbital Command  
  78  6:22  SCV  
  78  6:23  Viking  
  78  6:24  Marine  
  82  6:37  Viking  
  82  6:39  Viking  
  86  6:44  SCV  
  86  6:53  Viking  
  85  6:58  SCV  
  82  7:01  Marine  
  82  7:05  Barracks x2  
  82  7:07  Viking  
  85  7:09  SCV, Viking  
  85  7:10  Orbital Command, Siege Tank  
  91  7:21  Engineering Bay  
  91  7:22  Engineering Bay  
  91  7:23  Liberator  
  82  7:37  Viking  
  82  7:39  Viking  
  82  7:40  SCV x2  
  82  7:41  Marine  
  89  7:52  SCV x2  
  89  7:55  Barracks Reactor  
  89  7:58  Missile Turret  
  91  8:00  Barracks Reactor  
  91  8:01  Missile Turret  
  91  8:02  Missile Turret  
  91  8:04  SCV x2  
  93  8:07  SCV  
  93  8:10  Medivac x2  
  98  8:14  Combat Shield  
  98  8:16  SCV x2  
  98  8:19  SCV  
  101  8:31  Siege Tank  
  104  8:35  Marine  
  104  8:38  Marine x2  
  104  8:39  Marine  
  108  8:41  Terran Infantry Armor Level 1, Terran Infantry Weapons Level 1  
  108  8:43  Barracks  
  108  8:45  Barracks  
  108  8:58  SCV  
  109  9:03  Siege Tank  
  109  9:10  Supply Depot x2  
  109  9:11  Marine x5, SCV  
  109  9:12  Refinery  
  109  9:13  Refinery  
  109  9:14  Sensor Tower  
  109  9:15  Sensor Tower  
  115  9:20  SCV  
  116  9:29  Marine  
  116  9:30  Marine  
  117  9:31  Marine x4  
  117  9:34  Marine  
  117  9:35  Siege Tank  
  111  9:41  Orbital Command  
  111  9:44  SCV x2  
  111  9:47  Marine x2  
  111  9:49  Marine x2  
  98  9:56  SCV x2  
  97  10:04  Barracks Reactor x2  
  97  10:06  SCV  
  98  10:08  SCV  
  98  10:09  SCV  
  97  10:17  Armory, Siege Tank  
  97  10:18  SCV  
  97  10:20  SCV  
  97  10:21  SCV, Medivac  
  105  10:30  SCV  
  105  10:31  Factory  
  105  10:33  SCV  
  105  10:34  Barracks Reactor  
  107  10:39  Marine x4  
  111  10:47  Command Center  
  114  10:50  Siege Tank  
  114  10:53  Missile Turret  
  114  10:54  Missile Turret  
  114  10:56  Medivac, Liberator  
  114  10:57  Marine x3  
  119  10:58  Marine  
  122  11:04  Marine  
  122  11:05  Marine  
  123  11:16  Siege Tank  
  126  11:22  Siege Tank  
  126  11:23  SCV  
  126  11:24  SCV x2  
  109  11:36  Marine x10, SCV  
  109  11:38  Liberator  
  114  11:48  Siege Tank  
  114  11:54  Marine x3, Siege Tank  
  120  11:59  Liberator  
  120  12:01  Marine x4  
  108  12:17  Marine  
  108  12:18  Marine x6  
  108  12:19  Marine  
  108  12:20  Marine, Siege Tank  
  111  12:34  Marine  
  111  12:35  Marine  
  111  12:36  Marine  
  108  12:52  Siege Tank  
  108  12:57  Marine, Siege Tank  
  108  12:58  Marine x2  
  101  13:09  Marine x4  
Show
View Real Time Build Order
Export as new Build Order

Epic Terran - Winner!

Build Orders:  

Get SALT Encoding   

  12  0:00  SCV  
  13  0:12  SCV  
  14  0:17  Supply Depot  
  14  0:24  SCV  
  15  0:38  SCV  
  15  0:39  Barracks  
  16  0:43  Refinery  
  16  0:51  SCV  
  16  0:53  Refinery  
  17  1:03  SCV  
  18  1:15  SCV  
  19  1:26  Reaper  
  19  1:27  Orbital Command  
  19  1:30  Supply Depot  
  20  1:44  Factory  
  20  1:52  SCV  
  21  1:59  Reaper  
  22  2:04  SCV  
  23  2:19  Command Center  
  23  2:22  SCV  
  24  2:27  Hellion  
  26  2:31  Barracks Reactor  
  26  2:34  SCV  
  27  2:37  Supply Depot  
  27  2:46  SCV  
  27  2:49  Factory Tech Lab  
  28  2:52  Starport  
  28  2:58  SCV  
  29  3:07  Siege Tank  
  29  3:08  Marine  
  29  3:10  Marine  
  34  3:13  SCV  
  35  3:25  SCV  
  36  3:28  Medivac  
  36  3:29  Marine  
  36  3:31  Marine  
  36  3:33  Orbital Command  
  40  3:37  Refinery  
  40  3:39  SCV  
  41  3:49  Supply Depot  
  41  3:51  Siege Tank  
  41  3:55  SCV  
  45  4:02  SCV  
  46  4:07  SCV  
  47  4:12  Viking x2  
  47  4:17  Marine, SCV  
  51  4:29  SCV x2  
  44  4:32  Siege Tank  
  44  4:36  Marine  
  48  4:41  SCV x2  
  48  4:42  Viking  
  52  4:47  Viking  
  52  4:49  Supply Depot  
  54  4:53  Marine, SCV x2  
  57  5:06  SCV x2  
  57  5:07  Siege Tank  
  57  5:11  Viking  
  57  5:13  Marine  
  63  5:18  Supply Depot  
  63  5:20  Viking  
  65  5:21  SCV x2  
  67  5:31  Marine  
  68  5:38  SCV x2  
  68  5:39  Command Center  
  68  5:40  Supply Depot  
  68  5:42  Liberator  
  73  5:48  Refinery  
  73  5:50  SCV x2  
  73  5:55  Siege Tank  
  78  6:02  SCV x2  
  80  6:08  Barracks Tech Lab  
  80  6:14  SCV x2  
  80  6:16  Barracks, Liberator  
  80  6:17  Barracks  
  82  6:26  SCV  
  82  6:27  SCV  
  82  6:29  Marine  
  82  6:30  Stimpack  
  85  6:35  Engineering Bay  
  85  6:36  Engineering Bay  
  85  6:43  SCV  
  86  6:49  Marine, SCV  
  86  6:51  Siege Tank  
  86  6:54  Orbital Command  
  84  6:55  SCV  
  81  7:01  SCV  
  81  7:07  Marine, SCV, Medivac  
  81  7:08  Barracks Reactor, Medivac  
  88  7:10  Barracks Reactor  
  88  7:11  Barracks  
  88  7:13  SCV  
  88  7:14  Barracks  
  89  7:19  SCV  
  90  7:24  Terran Infantry Armor Level 1, Terran Infantry Weapons Level 1  
  90  7:25  SCV x2  
  90  7:26  Marine  
  93  7:31  SCV  
  89  7:37  SCV  
  89  7:38  SCV  
  89  7:42  Supply Depot  
  89  7:43  Supply Depot  
  89  7:44  SCV  
  89  7:47  Marine x5  
  89  7:49  SCV  
  89  7:50  SCV  
  89  7:51  Refinery  
  93  7:52  Refinery, Siege Tank  
  93  7:56  SCV  
  93  7:57  Supply Depot  
  93  7:58  Supply Depot  
  97  7:59  Missile Turret  
  97  8:00  Barracks Reactor  
  97  8:01  SCV, Missile Turret  
  97  8:02  Barracks Reactor  
  97  8:04  Marine  
  99  8:05  Marine  
  99  8:06  Marine x3, Missile Turret  
  99  8:08  SCV x2  
  99  8:09  Combat Shield  
  105  8:17  Supply Depot  
  105  8:18  Supply Depot, Medivac x2  
  108  8:26  Marine x4  
  108  8:27  Siege Tank  
  113  8:29  Missile Turret  
  113  8:31  Marine  
  114  8:37  Marine x2  
  114  8:39  Marine  
  114  8:40  Marine  
  116  8:44  Marine x4  
  120  8:48  Marine  
  120  8:52  Command Center  
  120  8:55  Marine x2, Medivac x2  
  127  8:57  Marine x2  
  127  9:01  Marine  
  127  9:02  Marine x3  
  130  9:06  Marine  
  131  9:12  Siege Tank  
  134  9:19  Orbital Command  
  134  9:20  Marine x3  
  134  9:22  Marine x2  
  129  9:51  Marine x7  
  123  9:56  Siege Tank  
  123  9:57  Marine x2  
  120  10:04  Planetary Fortress  
  120  10:05  Armory  
  117  10:09  Marine x2  
  117  10:12  Marine  
  117  10:13  Marine x4  
  124  10:15  Marine x2  
  124  10:20  Missile Turret  
  126  10:24  Sensor Tower, Medivac  
  126  10:25  Medivac  
  126  10:26  Marine, Factory  
  126  10:27  Marine  
  132  10:30  Marine x5  
  132  10:33  Marine x2  
  139  10:36  Siege Tank  
  142  10:44  Marine x2, Supply Depot x2  
  142  10:48  Marine x3  
  147  10:53  Terran Infantry Armor Level 2, Terran Infantry Weapons Level 2, Barracks x3  
  147  10:55  Terran Vehicle Weapons Level 1  
  147  11:01  Medivac  
  147  11:03  Marine x6  
  155  11:06  Marine, Medivac  
  130  11:28  Marine x9  
  130  11:29  Siege Tank, Factory Tech Lab  
  135  11:37  Command Center  
  131  11:42  Marine x3  
  131  11:43  Medivac x2  
  131  11:46  Marine x3  
  138  11:47  Marine x2  
  138  11:53  Siege Tank  
  135  12:03  Marine x7  
  135  12:04  Marine x2  
  135  12:07  Marine  
  144  12:11  Marine x2  
  144  12:13  Supply Depot x2, Siege Tank  
  145  12:18  Medivac  
  145  12:21  Marine  
  145  12:22  Marine x8  
  152  12:25  Marine, Siege Tank  
  152  12:29  Marine x2  
  151  12:38  Marine  
  151  12:40  Marine x7  
  159  12:47  Marine  
  159  12:48  Marine  
  159  12:49  Medivac x2  
  165  13:01  Siege Tank  
  163  13:07  Marine x12  
  163  13:12  Refinery x2  
  175  13:19  Missile Turret  

Tags
 
Add a new tag
Caveats
  • Supply blocks, unpowered buildings, or Contaminate may cause inaccurate times.
  • Supply counts are checked every 10 seconds.